| TOP OF THE 1ST |
|
Mahoning Valley Scrappers batting - Pitching for Spokane Indians : LHP Bobby Dahlgren
|
|
Pitching: LHP Bobby Dahlgren
|
|
|
Batting: LHB John Harring
|
0-0: Ball 1-0: Swinging Strike 1-1: Hit by Pitch
|
|
Batting: RHB Jeremy Givens
|
0-0: Foul Ball, location: 2F 0-1: Ball 1-1: SINGLE (Groundball, 6MS, EV 71.3 MPH) (infield hit) John Harring to second
|
|
Batting: RHB Ryan Gautney
|
0-0: Called Strike 0-1: Ball 1-1: Ball 2-1: Ball 3-1: Fly out, F4 (Popup, 23, EV 95.0 MPH)
|
|
Batting: SHB Joe Zeiset
|
0-0: Foul Ball, location: 2F 0-1: Called Strike 0-2: Ball 1-2: Strikes out swinging
|
|
Batting: LHB Devon Grant
|
0-0: Ball 1-0: Ground out 4-3 (Groundball, 34D, EV 109.4 MPH)
|
| Top of the 1st over - 0 runs, 1 hit, 0 errors, 2 left on base; Mahoning Valley 0 - Spokane 0 |
| BOTTOM OF THE 1ST |
|
Spokane Indians batting - Pitching for Mahoning Valley Scrappers : RHP Paul Lewis
|
|
Pitching: RHP Paul Lewis
|
|
|
Batting: RHB Joe Kemp
|
0-0: Ball 1-0: Ball 2-0: Bunt missed! 2-1: Called Strike 2-2: Ball 3-2: Foul Ball, location: 2F 3-2: Foul Ball, location: 2F 3-2: Foul Ball, location: 2F 3-2: Base on Balls
|
|
Batting: LHB William Hanley
|
0-0: Ball 1-0: Called Strike Joe Kemp steals 2nd base 1-1: Ball 2-1: Swinging Strike 2-2: Ball 3-2: Ground out U3 (Groundball, 23, EV 85.0 MPH) Joe Kemp to third
|
|
Batting: SHB Alvare Bairro
|
0-0: Foul Ball, location: 2F 0-1: Foul Ball, location: 2F 0-2: Ball 1-2: Ball 2-2: Ball 3-2: Fly out, F7 (Flyball, 78S, EV 86.3 MPH)
|
|
Batting: RHB Roberto Contreras
|
0-0: Called Strike 0-1: Ball Wild Pitch! Joe Kemp scores 1-1: Ground out 6-3 (Groundball, 6, EV 103.8 MPH)
|
| Bottom of the 1st over - 1 run, 0 hits, 0 errors, 0 left on base; Mahoning Valley 0 - Spokane 1 |
| TOP OF THE 2ND |
|
Mahoning Valley Scrappers batting - Pitching for Spokane Indians : LHP Bobby Dahlgren
|
|
Batting: RHB Andy Lewis
|
0-0: Called Strike 0-1: Foul Ball, location: 2F 0-2: Ball 1-2: Ball 2-2: Ball 3-2: Foul Ball, location: 2F 3-2: Foul Ball, location: 2F 3-2: Strikes out swinging
|
|
Batting: RHB Blake Kelly
|
0-0: Swinging Strike 0-1: Ground out 4-3 (Groundball, 4, EV 81.9 MPH)
|
|
Batting: RHB Gashie Chimsima
|
0-0: Ground out 4-3 (Groundball, 4, EV 89.4 MPH)
|
| Top of the 2nd over - 0 runs, 0 hits, 0 errors, 0 left on base; Mahoning Valley 0 - Spokane 1 |
| BOTTOM OF THE 2ND |
|
Spokane Indians batting - Pitching for Mahoning Valley Scrappers : RHP Paul Lewis
|
|
Batting: RHB Mike Trujillo
|
0-0: Swinging Strike 0-1: Hit by Pitch
|
|
Batting: RHB Jason Sher
|
0-0: Ball 1-0: Called Strike 1-1: Called Strike 1-2: Ball 2-2: Fly out, F9 (Flyball, 9, EV 85.6 MPH)
|
|
Batting: RHB Alex Vasquez
|
0-0: Called Strike 0-1: Called Strike 0-2: Ball 1-2: Ball 2-2: Ball Mike Trujillo steals 2nd base 3-2: Fly out, F8 (Flyball, 8LXD, EV 96.9 MPH) Runner from 2nd tags up, SAFE at 3rd, no throw by CF
|
|
Batting: RHB Jose Sisneros
|
0-0: Called Strike 0-1: Fly out, F8 (Flyball, 8LXD, EV 108.1 MPH)
|
| Bottom of the 2nd over - 0 runs, 0 hits, 0 errors, 1 left on base; Mahoning Valley 0 - Spokane 1 |
| TOP OF THE 3RD |
|
Mahoning Valley Scrappers batting - Pitching for Spokane Indians : LHP Bobby Dahlgren
|
|
Batting: RHB Willie Gonzales
|
0-0: Ball 1-0: Ball 2-0: Swinging Strike 2-1: Foul Ball, location: 2F 2-2: Foul Ball, location: 2F 2-2: Strikes out looking
|
|
Batting: LHB John Harring
|
0-0: Swinging Strike 0-1: Swinging Strike 0-2: Ball 1-2: Fly out, F8 (Flyball, 8LD, EV 101.3 MPH)
|
|
Batting: RHB Jeremy Givens
|
0-0: Ball 1-0: Ball 2-0: Called Strike 2-1: Ground out 6-3 (Groundball, 6, EV 100.0 MPH)
|
| Top of the 3rd over - 0 runs, 0 hits, 0 errors, 0 left on base; Mahoning Valley 0 - Spokane 1 |
| BOTTOM OF THE 3RD |
|
Spokane Indians batting - Pitching for Mahoning Valley Scrappers : RHP Paul Lewis
|
|
Batting: RHB Dongdo-pa Mai
|
0-0: Ball 1-0: Swinging Strike 1-1: Ball 2-1: Ball 3-1: Foul Ball, location: 2F 3-2: Strikes out looking
|
|
Batting: RHB Joe Kemp
|
0-0: Ball 1-0: Called Strike 1-1: DOUBLE (Groundball, 5L, EV 105.6 MPH)
|
|
Batting: LHB William Hanley
|
0-0: Called Strike Joe Kemp steals 3rd base (no throw) 0-1: SINGLE (Groundball, 6, EV 97.5 MPH) (infield hit) Joe Kemp scores
|
|
Batting: SHB Alvare Bairro
|
0-0: Called Strike 0-1: Swinging Strike 0-2: 2-RUN HOME RUN (Line Drive, 89XD, EV 103.8 MPH), Distance : 418 ft
|
|
Batting: RHB Roberto Contreras
|
0-0: Ball 1-0: Fly out, F7 (Flyball, 7, EV 88.1 MPH)
|
|
Batting: RHB Mike Trujillo
|
0-0: Called Strike 0-1: Foul Ball, location: 2F 0-2: Ball 1-2: Ground out 6-3 (Groundball, 6S, EV 83.8 MPH)
|
| Bottom of the 3rd over - 3 runs, 3 hits, 0 errors, 0 left on base; Mahoning Valley 0 - Spokane 4 |
| TOP OF THE 4TH |
|
Mahoning Valley Scrappers batting - Pitching for Spokane Indians : LHP Bobby Dahlgren
|
|
Batting: RHB Ryan Gautney
|
0-0: Ball 1-0: Ball 2-0: Ball 3-0: Called Strike 3-1: Fly out, F3 (Line Drive, 3, EV 71.9 MPH)
|
|
Batting: SHB Joe Zeiset
|
0-0: Foul Ball, location: 2F 0-1: Foul Ball, location: 2F 0-2: Ball 1-2: Strikes out looking
|
|
Batting: LHB Devon Grant
|
0-0: Ball 1-0: Ball 2-0: Swinging Strike 2-1: Foul Ball, location: 2F 2-2: Foul Ball, location: 2F 2-2: Fly out, F7 (Flyball, 7S, EV 90.6 MPH)
|
| Top of the 4th over - 0 runs, 0 hits, 0 errors, 0 left on base; Mahoning Valley 0 - Spokane 4 |
| BOTTOM OF THE 4TH |
|
Spokane Indians batting - Pitching for Mahoning Valley Scrappers : RHP Paul Lewis
|
|
Batting: RHB Jason Sher
|
0-0: Called Strike 0-1: Ball 1-1: Ground out 4-3 (Groundball, 4MS, EV 80.0 MPH)
|
|
Batting: RHB Alex Vasquez
|
0-0: SINGLE (Popup, 3D, EV 63.8 MPH)
|
|
Batting: RHB Jose Sisneros
|
0-0: Ball Alex Vasquez steals 2nd, throwing error, E2 Alex Vasquez to third 1-0: Ball 2-0: Ball 3-0: Called Strike 3-1: Base on Balls
|
|
Batting: RHB Dongdo-pa Mai
|
0-0: Ball Jose Sisneros steals 2nd base (no throw) 1-0: Ground out 4-3 (Groundball, 34, EV 99.4 MPH) Alex Vasquez scores Jose Sisneros to third
|
|
Batting: RHB Joe Kemp
|
0-0: Called Strike 0-1: Called Strike 0-2: Foul Ball, location: 2F 0-2: Foul Ball, location: 2F 0-2: Strikes out swinging
|
| Bottom of the 4th over - 1 run, 1 hit, 1 error, 1 left on base; Mahoning Valley 0 - Spokane 5 |
| TOP OF THE 5TH |
|
Mahoning Valley Scrappers batting - Pitching for Spokane Indians : LHP Bobby Dahlgren
|
|
Batting: RHB Andy Lewis
|
0-0: Swinging Strike 0-1: Called Strike 0-2: Foul Ball, location: 2F 0-2: Ball 1-2: Strikes out swinging
|
|
Batting: RHB Blake Kelly
|
0-0: Called Strike 0-1: Foul Ball, location: 2F 0-2: Foul Ball, location: 2F 0-2: Foul Ball, location: 2F 0-2: Ball 1-2: Ball 2-2: Ball 3-2: Foul Ball, location: 2F 3-2: Ground out 1-3 (Groundball, 15S, EV 73.8 MPH)
|
|
Batting: RHB Gashie Chimsima
|
0-0: DOUBLE (Line Drive, 3D, EV 98.8 MPH)
|
|
Batting: RHB Willie Gonzales
|
0-0: SINGLE (Groundball, 56, EV 98.1 MPH) (infield hit) Gashie Chimsima to third
|
|
Batting: LHB John Harring
|
0-0: Called Strike 0-1: Fielders Choice at 2nd, 5-4 (Groundball, 56, EV 110.6 MPH)
|
| Top of the 5th over - 0 runs, 2 hits, 0 errors, 2 left on base; Mahoning Valley 0 - Spokane 5 |
| BOTTOM OF THE 5TH |
|
Spokane Indians batting - Pitching for Mahoning Valley Scrappers : RHP Paul Lewis
|
|
Pitching: RHP Jeff Degel
|
|
|
Batting: LHB William Hanley
|
0-0: Ball 1-0: Ground out 4-3 (Groundball, 34, EV 104.4 MPH)
|
|
Batting: SHB Alvare Bairro
|
0-0: Called Strike 0-1: Foul Ball, location: 2F 0-2: Strikes out swinging
|
|
Batting: RHB Roberto Contreras
|
0-0: Ball 1-0: Ball 2-0: Called Strike 2-1: Foul Ball, location: 2F 2-2: SINGLE (Groundball, P, EV 88.8 MPH) (infield hit)
|
|
Batting: RHB Mike Trujillo
|
0-0: Called Strike 0-1: Ball 1-1: Ball Roberto Contreras steals 2nd, throwing error, E2 Roberto Contreras to third 2-1: Swinging Strike 2-2: Ball 3-2: Strikes out swinging
|
| Bottom of the 5th over - 0 runs, 1 hit, 1 error, 1 left on base; Mahoning Valley 0 - Spokane 5 |
| TOP OF THE 6TH |
|
Mahoning Valley Scrappers batting - Pitching for Spokane Indians : LHP Bobby Dahlgren
|
|
Batting: RHB Jeremy Givens
|
0-0: Ball 1-0: Ball 2-0: Called Strike 2-1: Ball 3-1: Base on Balls
|
|
Batting: RHB Ryan Gautney
|
0-0: Called Strike 0-1: Ball 1-1: SINGLE (Groundball, 4D, EV 96.3 MPH) Jeremy Givens to second Runner from 2nd tries for 3rd, SAFE, throw by CF made to third
|
|
Batting: SHB Joe Zeiset
|
0-0: SINGLE (Groundball, 4S, EV 60.6 MPH) (infield hit) Jeremy Givens scores Ryan Gautney to second
|
|
Batting: LHB Devon Grant
|
0-0: Called Strike 0-1: Swinging Strike 0-2: Strikes out swinging
|
|
Batting: RHB Andy Lewis
|
0-0: TRIPLE (Flyball, 89XD, EV 103.8 MPH) Ryan Gautney scores Joe Zeiset scores
|
|
Pinch Runner at 3rd Juan Padilla:
|
|
|
Batting: RHB Blake Kelly
|
0-0: Foul Ball, location: 2F 0-1: Ball 1-1: Swinging Strike 1-2: Foul Ball, location: 2F 1-2: Strikes out swinging
|
|
Batting: RHB Gashie Chimsima
|
0-0: Foul Ball, location: 2F 0-1: Swinging Strike 0-2: Foul Ball, location: 2F 0-2: Ball 1-2: Ball 2-2: Strikes out swinging
|
| Top of the 6th over - 3 runs, 3 hits, 0 errors, 1 left on base; Mahoning Valley 3 - Spokane 5 |
| BOTTOM OF THE 6TH |
|
Spokane Indians batting - Pitching for Mahoning Valley Scrappers : RHP Jeff Degel
|
|
Now at 2B: Juan Padilla
|
|
|
Now in LF: Willie Gonzales
|
|
|
Batting: RHB Jason Sher
|
0-0: Called Strike 0-1: Ball 1-1: Foul Ball, location: 2F 1-2: Hit by Pitch
|
|
Batting: RHB Alex Vasquez
|
0-0: Called Strike Jason Sher steals 2nd base (no throw) 0-1: Foul Ball, location: 2F 0-2: Strikes out swinging wild pitch, reaches first! Jason Sher to third
|
|
Batting: RHB Jose Sisneros
|
0-0: Ball 1-0: Ball Alex Vasquez is caught stealing 2nd base 2-4 2-0: Called Strike 2-1: Ball 3-1: Ground out U3 (Groundball, 3S, EV 82.5 MPH)
|
|
Batting: RHB Dongdo-pa Mai
|
0-0: Foul Ball, location: 2F 0-1: Ball 1-1: Ground out 4-3 (Groundball, 34, EV 93.1 MPH)
|
| Bottom of the 6th over - 0 runs, 0 hits, 0 errors, 1 left on base; Mahoning Valley 3 - Spokane 5 |
| TOP OF THE 7TH |
|
Mahoning Valley Scrappers batting - Pitching for Spokane Indians : LHP Bobby Dahlgren
|
|
Batting: RHB Willie Gonzales
|
0-0: Ball 1-0: Called Strike 1-1: Called Strike 1-2: Ball 2-2: Foul Ball, location: 2F 2-2: Foul Ball, location: 2F 2-2: Strikes out swinging
|
|
Pitching: RHP Jeff Bliss
|
|
|
Batting: LHB John Harring
|
0-0: Swinging Strike 0-1: Ball 1-1: Swinging Strike 1-2: Strikes out swinging
|
|
Batting: RHB Jeremy Givens
|
0-0: Foul Ball, location: 2F 0-1: Ball 1-1: DOUBLE (Line Drive, 5D, EV 106.3 MPH)
|
|
Batting: RHB Ryan Gautney
|
0-0: Ground out 4-3 (Groundball, 4, EV 96.9 MPH)
|
| Top of the 7th over - 0 runs, 1 hit, 0 errors, 1 left on base; Mahoning Valley 3 - Spokane 5 |
| BOTTOM OF THE 7TH |
|
Spokane Indians batting - Pitching for Mahoning Valley Scrappers : RHP Jeff Degel
|
|
Batting: RHB Joe Kemp
|
0-0: Ball 1-0: Ball 2-0: Foul Ball, location: 2F 2-1: SINGLE (Groundball, 6D, EV 103.8 MPH)
|
|
Batting: LHB William Hanley
|
0-0: Ball Joe Kemp steals 2nd base 1-0: Intentional Walk
|
|
Batting: SHB Alvare Bairro
|
0-0: Ball 1-0: Ball 2-0: Ball 3-0: Called Strike 3-1: Foul Ball, location: 2F 3-2: SINGLE (Groundball, 6S, EV 72.5 MPH) (infield hit) Joe Kemp to third William Hanley to second
|
|
Batting: RHB Roberto Contreras
|
0-0: Ball 1-0: DOUBLE (Flyball, 89D, EV 111.9 MPH) Joe Kemp scores William Hanley scores Alvare Bairro to third
|
|
Batting: RHB Mike Trujillo
|
0-0: Ball 1-0: Ball 2-0: Swinging Strike 2-1: Foul Ball, location: 2F 2-2: Foul Ball, location: 2F 2-2: Ball 3-2: Base on Balls
|
|
Batting: RHB Jason Sher
|
0-0: Foul Ball, location: 2F 0-1: Foul Ball, location: 2F 0-2: Ball 1-2: Ball 2-2: SINGLE (Groundball, 6S, EV 68.1 MPH) (infield hit) Alvare Bairro scores Roberto Contreras to third Mike Trujillo to second
|
|
Pitching: RHP Mario del Rio
|
|
|
Batting: RHB Alex Vasquez
|
0-0: Called Strike 0-1: Swinging Strike 0-2: Fly out, F8 (Line Drive, 8RD, EV 85.0 MPH) Runner from 3rd tags up, SCORES, throw by CF
|
|
Batting: RHB Jose Sisneros
|
0-0: Called Strike 0-1: Called Strike 0-2: Ball 1-2: Foul Ball, location: 2F 1-2: Ball 2-2: Ball 3-2: Base on Balls Mike Trujillo to third Jason Sher to second
|
|
Batting: RHB Dongdo-pa Mai
|
0-0: Ball 1-0: Ball 2-0: Called Strike 2-1: Fielders Choice at 2nd, 6-4 (Groundball, 56, EV 92.5 MPH) Mike Trujillo scores Jason Sher to third
|
|
Pinch Hitting: SHB Harrison McLaughlin
|
0-0: Called Strike 0-1: Ball 1-1: Fly out, F8 (Line Drive, 8LM, EV 106.3 MPH)
|
| Bottom of the 7th over - 5 runs, 4 hits, 0 errors, 2 left on base; Mahoning Valley 3 - Spokane 10 |
| TOP OF THE 8TH |
|
Mahoning Valley Scrappers batting - Pitching for Spokane Indians : RHP Jeff Bliss
|
|
Now in CF: Dongdo-pa Mai
|
|
|
Now in RF: Harrison McLaughlin
|
|
|
Batting: SHB Joe Zeiset
|
0-0: Ball 1-0: Ball 2-0: Called Strike 2-1: Ball 3-1: Swinging Strike 3-2: Strikes out swinging
|
|
Batting: LHB Devon Grant
|
0-0: Foul Ball, location: 2F 0-1: Swinging Strike 0-2: Ball 1-2: Strikes out swinging
|
|
Pinch Hitting: RHB Tetsuhiro Taki
|
0-0: Ball 1-0: Called Strike 1-1: Ball 2-1: Ground out 5-3 (Groundball, 56D, EV 107.5 MPH)
|
| Top of the 8th over - 0 runs, 0 hits, 0 errors, 0 left on base; Mahoning Valley 3 - Spokane 10 |
| BOTTOM OF THE 8TH |
|
Spokane Indians batting - Pitching for Mahoning Valley Scrappers : RHP Mario del Rio
|
|
Now at 2B: Tetsuhiro Taki
|
|
|
Batting: LHB William Hanley
|
0-0: Called Strike 0-1: Ground out U3 (Groundball, 13, EV 88.1 MPH)
|
|
Batting: SHB Alvare Bairro
|
0-0: Ball 1-0: Ball 2-0: Foul Ball, location: 2F 2-1: Ground out 5-3 (Groundball, 5, EV 86.3 MPH)
|
|
Batting: RHB Roberto Contreras
|
0-0: Swinging Strike 0-1: Ball 1-1: Called Strike 1-2: Ball 2-2: Foul Ball, location: 2F 2-2: Ball 3-2: Foul Ball, location: 2F 3-2: Strikes out swinging
|
| Bottom of the 8th over - 0 runs, 0 hits, 0 errors, 0 left on base; Mahoning Valley 3 - Spokane 10 |
| TOP OF THE 9TH |
|
Mahoning Valley Scrappers batting - Pitching for Spokane Indians : RHP Jeff Bliss
|
|
Now at 1B: Roger Renteria
|
|
|
Batting: RHB Blake Kelly
|
0-0: Called Strike 0-1: Swinging Strike 0-2: Ball 1-2: Strikes out swinging
|
|
Batting: RHB Gashie Chimsima
|
0-0: Called Strike 0-1: Ball 1-1: Foul Ball, location: 2F 1-2: Strikes out swinging
|
|
Batting: RHB Willie Gonzales
|
0-0: Ball 1-0: Ball 2-0: Called Strike 2-1: Swinging Strike 2-2: Foul Ball, location: 2F 2-2: Foul Ball, location: 2F 2-2: Strikes out swinging
|
| Top of the 9th over - 0 runs, 0 hits, 0 errors, 0 left on base; Mahoning Valley 3 - Spokane 10 |
|